 Dungeon Crawl Stone Soup version 0.19.1 (webtiles) character file.

68 Firecrotchwizard the Cudgeler (level 4, -2/45 HPs)
             Began as a Troll Berserker on Nov 29, 2016.
             Was a Believer of Trog.
             Slain by a howler monkey (8 damage)
             ... on level 3 of the Dungeon.
             The game lasted 00:04:11 (1349 turns).

Firecrotchwizard the Cudgeler (Troll Berserker)     Turns: 1349, Time: 00:04:12

Health: -2/45      AC:  5    Str: 25    XL:     4   Next: 1%
Magic:  3/3        EV: 11    Int:  4    God:    Trog [**....]
Gold:   58         SH:  0    Dex: 14    Spells: 0 memorised, 3 levels left

rFire  . . .     SeeInvis .     m - +1 whip (venom)
rCold  . . .     Gourm    +     b - +0 animal skin
rNeg   . . .     Faith    .     (no shield)
rPois  .         Spirit   .     (helmet restricted)
rElec  .         Reflect  .     (no cloak)
rCorr  .         Harm     .     (gloves unavailable)
MR     ++...                    (boots unavailable)
Stlth  +.........               (no amulet)
                                k - +5 ring of dexterity
                                f - -4 ring of slaying (curse)

@: exhausted, regenerating, slowed, very slow
A: unfitting armour, claws 3, fast metabolism 3, gourmand, regeneration 1,
shaggy fur 1, tough skin 2
a: Berserk, Trog's Hand, Burn Spellbooks, Renounce Religion


You were on level 3 of the Dungeon.
You worshipped Trog.
Trog was pleased with you.
You were not hungry.

You visited 1 branch of the dungeon, and saw 3 of its levels.

You collected 58 gold pieces.

Inventory:

Hand Weapons
 a - a +1 mace
 m - a +1 whip of venom (weapon)
Missiles
 h - 27 stones (quivered)
Armour
 b - a +0 animal skin (worn)
Jewellery
 f - a cursed -4 ring of slaying (left claw)
 k - a +5 ring of dexterity (right claw)
Scrolls
 d - 5 scrolls of identify
 l - 2 scrolls of remove curse {unknown}
Potions
 e - 3 potions of curing
 j - a potion of heal wounds {unknown}
 n - a potion of lignification {unknown}
 o - a potion of berserk rage {unknown}
Comestibles
 c - 3 bread rations
 g - 3 meat rations
 i - a beef jerky


   Skills:
 * Level 3.2 Fighting
 * Level 3.5 Maces & Flails
 + Level 2.7 Dodging


You had 3 spell levels left.
You didn't know any spells.

Dungeon Overview and Level Annotations

Branches:
Dungeon (3/15)

Altars:
Hepliaklqana
Yredelemnul
The Shining One

Annotations:
D:3 Sigmund


Innate Abilities, Weirdness & Mutations

You are too large for most types of armour.
You have claws for hands.
Your metabolism is lightning-fast.
You like to eat raw meat.
Your natural rate of healing is unusually fast.
You are covered in fur. (AC +1)
You have very tough skin. (AC +2)


Message History

You hit the orc warrior but do no damage.
The orc warrior looks as sick as possible!
The orc warrior is heavily wounded.
The orc barely misses you. The orc warrior barely misses you.
The orc closely misses you.
Sigmund the Dreaded comes into view.
He is wielding a scythe.
You closely miss the orc warrior.
The orc warrior is severely wounded.
The howler monkey hits you.
You completely miss the orc warrior.
The orc warrior is severely wounded.
You are no longer berserk.
You are exhausted.
You feel yourself slow down.
You feel the effects of Trog's Hand fading.
The orc barely misses you. The orc closely misses you.
The orc warrior hits you with a glaive of protection!
* * * LOW HITPOINT WARNING * * *
The howler monkey hits you!
You die...

#............................
#..).<................##..)..
#........................#..
#...........................
#............######.......
######.##..###≈≈≈≈#######.
#....###≈≈≈≈≈≈#
#.###.!..g...≈≈.
#.......@o....≈≈
%.......hoo≈≈....
####.#....≈..≈≈@.
#......≈K...≈≈ ##......≈≈⌠...
#.......⌠≈≈.. ...!.≈≈....≈.
##...≈..≈≈..≈.


You could see Sigmund, an orc warrior, a howler monkey, 2 orcs, a hobgoblin and
a kobold.

Vanquished Creatures
  2 adders (D:2)
  3 worms
  2 dart slugs
  3 leopard geckos
  A giant cockroach (D:2)
  7 goblins
  3 hobgoblins (D:1)
  5 kobolds
  A quokka (D:3)
  3 bats
  2 frilled lizards
  4 rats
36 creatures vanquished.

Notes
Turn   | Place    | Note
-------+----------+-------------------------------------------
     0 | D:1      | Firecrotchwizard the Troll Berserker began the quest for the Orb.
     0 | D:1      | Reached XP level 1. HP: 22/22 MP: 0/0
   140 | D:1      | Reached XP level 2. HP: 29/29 MP: 1/1
   754 | D:2      | Reached XP level 3. HP: 26/36 MP: 2/2
  1080 | D:2      | Found a glowing golden altar of the Shining One.
  1107 | D:2      | Reached ** piety under Trog
  1131 | D:2      | Found a basalt altar of Yredelemnul.
  1136 | D:2      | Found a hazy altar of Hepliaklqana.
  1318 | D:3      | Reached XP level 4. HP: 45/45 MP: 3/3
  1333 | D:3      | Noticed an orc warrior
  1348 | D:3      | Noticed Sigmund
  1349 | D:3      | Slain by a howler monkey

Skill      XL: |  1  2  3 |
---------------+----------+-----
Maces & Flails | 3 |  3.5
Fighting       | 3 |  3.2
Dodging        | |  2.7

Action                   |  1- 3 |  4- 6 || total
-------------------------+-------+-------++-------
Melee: Mace              |   122 |       ||   122
       Whip              |    11 |    11 ||    22
Throw: Stone             |     1 |       ||     1
Invok: Berserk           |       |     1 ||     1
       Trog's Hand       |       |     1 ||     1
  Use: Scroll            |     2 |       ||     2
 Stab: Sleeping          |     2 |       ||     2
  Eat: Chunk             |    11 |       ||    11
Armor: Animal skin       |    55 |     1 ||    56
Dodge: Dodged            |    99 |     6 ||   105
